 Dungeon Crawl Stone Soup version 0.31.0-32-g396128a36d (webtiles) character file.

Game seed: 2742007616455817039

156 AdnanSaban the Covered (level 5, -4/33 HPs)
             Began as a Gargoyle Fighter on Apr 11, 2024.
             Killed from afar by Sigmund (5 damage)
             ... with a magic dart
             ... on level 3 of the Dungeon.
             The game lasted 00:02:58 (2331 turns).

AdnanSaban the Covered (Gargoyle Fighter)           Turns: 2331, Time: 00:02:59

Health: -4/33      AC: 17    Str: 22    XL:     5   Next: 38%
Magic:  5/5        EV:  6    Int:  8    God:
Gold:   166        SH:  4    Dex:  9    Spells: 4/4 levels left

rFire   . . .        a - +0 flail
rCold   . . .        c - +0 buckler
rNeg    + . .        r - +0 plate armour
rPois   ∞            (no helmet)
rElec   +            (no cloak)
rCorr   .            v - +0 pair of gloves
SInv    .            (no boots)
Will    .....        (no amulet) Stlth
                     (no ring)
HPRegen 0.25/turn    (no ring)
MPRegen 0.09/turn

%: no passive effects
@: no status effects
A: sickness immunity, AC +4, negative energy resistance 1, electricity
resistance, torment resistance 1, petrification resistance
a: no special abilities


You were on level 3 of the Dungeon.
You visited 1 branch of the dungeon, and saw 3 of its levels.

You collected 166 gold pieces.

Inventory:

Hand Weapons
 a - a +0 flail (weapon)
Missiles
 n - 2 boomerangs
 q - 3 poisoned darts (quivered)
Armour
 c - a +0 buckler (worn)
 r - a +0 plate armour (worn)
 v - a +0 pair of gloves (worn)
Scrolls
 b - a scroll of acquirement {unknown}
 f - 3 scrolls of identify {unknown}
 j - a scroll of revelation {unknown}
 k - a scroll of fear {unknown}
 l - a scroll of teleportation {unknown}
 m - 2 scrolls of poison {unknown}
 s - a scroll of fog {unknown}
 t - a scroll of immolation {unknown}
Potions
 d - a potion of might
 e - a potion of magic {unknown}
 g - a potion of heal wounds {unknown}
 h - 2 potions of curing {unknown}
 i - a potion of berserk rage {unknown}
 o - a potion of cancellation {unknown}
 p - a potion of brilliance {unknown}
 u - a potion of mutation {unknown}


   Skills:
 + Level 3.9 Fighting
 + Level 3.9 Maces & Flails
 + Level 4.2 Armour
 + Level 0.5 Dodging
 + Level 0.1 Stealth
 + Level 3.7 Shields


You had 4 spell levels left.
You didn't know any spells.
Your spell library contained the following spells:

 Spells                   Type           Power      Damage    Failure   Level
 Slow                     Hex            0%         N/A       100%        1
 Summon Small Mammal      Summ           0%         N/A       100%        1
 Blink                    Tloc           0%         N/A       100%        2
 Lesser Beckoning         Tloc           0%         N/A       100%        2
 Momentum Strike          Conj/Tloc      0%         3d8       100%        2
 Call Canine Familiar     Summ           0%         N/A       100%        3
 Confusing Touch          Hex            0%         N/A       100%        3
 Sigil of Binding         Hex            0%         N/A       100%        3
 Vampiric Draining        Necr           0%         2d6       100%        3
 Summon Blazeheart Golem  Fire/Summ      0%         N/A       100%        4
 Vhi's Electric Charge    Tloc/Air       0%         N/A       100%        4
 Arcjolt                  Conj/Air       0%         1d10      100%        5
 Maxwell's Capacitive Co  Air            0%         ∞         100%        8


Dungeon Overview and Level Annotations

Branches:
Dungeon (3/15)

Altars:

Annotations:
D:3 Sigmund


Innate Abilities, Weirdness & Mutations

You are immune to sickness and miasma.
Your stone body is resilient. (AC +4)
You are immune to poison.
You resist negative energy. (rN+)
You are resistant to electric shocks. (rElec)
You are resistant to unholy torment.
You are immune to petrification.


Message History

You see here a +0 dagger.
There is an open door here.
There is an escape hatch in the ceiling here.
There is an open door here.
There is an open door here.
Sigmund is nearby!
You throw a poisoned dart. The poisoned dart hits Sigmund.
Sigmund shouts!
You throw a poisoned dart. The poisoned dart hits Sigmund.
You throw a poisoned dart.
The poisoned dart barely misses Sigmund.
Sigmund casts a spell at you. The puff of flame hits you!
You throw a poisoned dart. The poisoned dart hits Sigmund.
Sigmund is poisoned.
Sigmund says, "Your kind have come here before.
I understand now why.
You desire death..."
Sigmund casts a spell at you.
The magic dart hits you but does no damage.
You throw a poisoned dart.
The poisoned dart closely misses Sigmund.
Sigmund mumbles some strange words.
Sigmund flickers and vanishes!
Deactivating autopickup; reactivate with Ctrl-A.
No target in view!
No target in view!
You barely miss something. Something hits you!
You closely miss something. Something hits you.
You thump something! Something hits you but does no damage.
You hit something. Something hits you!
* * * LOW HITPOINT WARNING * * *
You hit something but do no damage.
You hear some strange, mumbled words.
A puff of flame appears from out of thin air!
The puff of flame misses you.
You miss something. Something hits you.
* * * LOW HITPOINT WARNING * * *
You barely miss something.
You hear some strange, mumbled words.
A magic dart appears from out of thin air!
The magic dart hits you.
You die...

#.#..~~~ ############## #.#..~~~
#............# #.#..~~~
#......(.....# #.#..~~~
#.......(....# #.#...⌠.
#........(..)#########.......
#............................
#####..........{..###############
#...............@...#.....[# #
#..)..............#.#.####.# #
..............<......># #.# #
.......#####.##.#.#.#.####.# #
...##### #....#.#........# # ...#
######........######## ..<####
#####...........[ ......#
#..#.######## ##....# #..#.#


There were no monsters in sight!

Vanquished Creatures
  A phantom (D:3)
  2 adders (D:3)
  A dart slug (D:1)
  2 ribbon worms (D:2)
  2 orcs (D:3)
  8 bats
  4 endoplasms
  A giant cockroach (D:1)
  3 hobgoblins
  7 jackals
  3 quokkas
  6 ball pythons
  A frilled lizard (D:3)
  6 goblins
  3 kobolds
  4 rats
54 creatures vanquished.

Notes
Turn   | Place    | Note
-------+----------+-------------------------------------------
     0 | D:1      | AdnanSaban the Gargoyle Fighter began the quest for the
                  | Orb.
     0 | D:1      | Reached XP level 1. HP: 14/14 MP: 1/1
   118 | D:1      | Reached XP level 2. HP: 16/19 MP: 2/2
   687 | D:1      | Reached XP level 3. HP: 24/24 MP: 3/3
   917 | D:2      | Found Zoh Ytar's Distillery.
  1614 | D:3      | Reached XP level 4. HP: 27/29 MP: 4/4
  2020 | D:3      | Noticed Sigmund
  2099 | D:3      | Reached skill level 4 in Armour
  2107 | D:3      | Noticed a phantom
  2114 | D:3      | Killed a phantom
  2115 | D:3      | Reached XP level 5. HP: 30/33 MP: 5/5
  2330 | D:3      | HP: 1/33 [something (4)]
  2331 | D:3      | Killed from afar by Sigmund

Illustrated notes

Levels and vault maps discovered:
D:1:      erik_arrival_orb_chamber, layout_loops_ring
D:2:      wad_pebble_path, layout_basic, serial_shops, nicolae_shop_statue_plus
D:3:      layout_basic, serial_park_tiny_pond,
          minmay_fractal_squares_diagonal_5, uniq_sigmund

Skill      XL: |  1  2  3  4 |
---------------+-------------+-----
Maces & Flails | 3 |  3.9
Armour         | 4 |  4.2
Fighting       | |  3.9
Dodging        | |  0.5
Stealth        | |  0.1
Shields        | |  3.7

Action                     |  1- 3 |  4- 6 || total
---------------------------+-------+-------++-------
  Melee: Flail             |   153 |    49 ||   202
  Throw: Dart              |       |     5 ||     5
 Armour: Scale mail        |   112 |       ||   112
         Plate armour      |    21 |    49 ||    70
  Dodge: Dodged            |    86 |    15 ||   101
  Block: Buckler           |    46 |     7 ||    53
